 Dungeon Crawl Stone Soup version 0.23-a0-586-gacb4b3f (webtiles) character file.

9199 Amnesiac the Carver (level 11, -10/51 HPs)
             Began as a Spriggan Berserker on Dec 19, 2018.
             Was a High Priest of Trog.
             Mangled by a porcupine (14 damage)
             ... on level 1 of the Lair of Beasts.
             The game lasted 00:16:38 (9444 turns).

Amnesiac the Carver (Spriggan Berserker)            Turns: 9444, Time: 00:16:39

Health: -10/51     AC:  5    Str: 16    XL:     11   Next: 19%
Magic:  15/15      EV: 24    Int: 10    God:    Trog [*****.]
Gold:   265        SH:  7    Dex: 15    Spells: 10/10 levels left

rFire    . . .     SeeInvis +   a - +2 dagger (elec)
rCold    . . .     Gourm    .   B - +0 buckler
rNeg     . . .     Faith    .   k - +0 animal skin
rPois    .         Spirit   .   (helmet restricted)
rElec    .         Reflect  .   o - +2 cloak
rCorr    .         Harm     .   (gloves unavailable)
MR       +....                  (boots unavailable)
Stlth    +.........             (no amulet)
HPRegen  0.17/turn              (no ring)
MPRegen  0.14/turn              (no ring)

@: very quick
A: very small, unfitting armour, see invisible, herbivore, speed 3, slow
metabolism 2
a: Berserk, Trog's Hand, Brothers in Arms, Renounce Religion


You were on level 1 of the Lair of Beasts.
You worshipped Trog.
Trog was extremely pleased with you.
You were not hungry.

You visited 2 branches of the dungeon, and saw 12 of its levels.

You collected 265 gold pieces.

Inventory:

Hand Weapons
 a - a +2 dagger of electrocution (weapon)
 b - a +2 hunting sling of velocity
 y - a +0 falchion
Missiles
 e - 35 poisoned needles
 r - 157 stones (quivered)
 t - 8 tomahawks
 A - 83 sling bullets
 F - a throwing net
 G - 3 silver tomahawks
 H - 4 steel tomahawks
Armour
 k - a +0 animal skin (worn)
 o - a +2 cloak (worn)
 B - a +0 buckler (worn)
Wands
 s - a wand of digging (6)
 v - a wand of paralysis (11)
 w - a wand of flame (23)
Scrolls
 f - 4 scrolls of fog {!r, unknown}
 g - 10 scrolls of identify {!r, unknown}
 i - a scroll of blinking {!r, unknown}
 l - a scroll of torment {!r, unknown}
 m - 3 scrolls of teleportation {!r, unknown}
 n - a scroll of amnesia {!r, unknown}
 q - 5 scrolls of remove curse {!r, unknown}
 z - a scroll of enchant weapon {!r, unknown}
 C - 2 scrolls of immolation {!r, unknown}
 D - a scroll of acquirement {!r, unknown}
 I - a scroll of enchant armour {!r, unknown}
 J - a scroll of noise {!r, unknown}
Potions
 d - a potion of lignification {!q, unknown}
 h - a potion of cancellation {!q, unknown}
 j - 2 potions of agility {!q}
 p - 2 potions of mutation {!q, unknown}
 u - a potion of flight {!q, unknown}
 x - 6 potions of curing {!q}
 E - a potion of resistance {!q, unknown}
Comestibles
 c - 7 rations


   Skills:
 - Level 2.4 Fighting
 * Level 12.1 Long Blades
 - Level 9.0 Dodging
 + Level 5.6 Shields
 - Level 5.0 Evocations


You had 10 spell levels left.
You didn't know any spells.
Your spell library contained the following spells:

 Spells                   Type           Power        Failure   Level  Hunger
 Animate Skeleton         Necr           N/A          38%         1    ##.....
 Apportation              Tloc           #.....       38%         1    ##.....
 Confusing Touch          Hex            #.....       38%         1    ##.....
 Corona                   Hex            #......      38%         1    ##.....
 Summon Small Mammal      Summ           #...         38%         1    ##.....
 Slow                     Hex            #.......     54%         2    ###....
 Inner Flame              Hex/Fire       #.......     77%         3    ####...
 Portal Projectile        Hex/Tloc       #.....       77%         3    ####...
 Cause Fear               Hex            #.........   99%         4    #####..
 Leda's Liquefaction      Hex/Erth       #.........   99%         4    #####..


Dungeon Overview and Level Annotations

Branches:
Dungeon (11/15)            Temple (0/1) D:6            Lair (1/6) D:11
    Orc: D:9-12

Altars:
Ashenzari

Shops:
D:6 ?


Innate Abilities, Weirdness & Mutations

You are very small and have problems with some larger weapons.
You are too small for most types of armour.
You have supernaturally acute eyesight. (SInv)
You are a herbivore.
You cover ground extremely quickly.
You need to consume almost no food.


Message History

The yak is severely wounded.
The yak closely misses you.
You hit the yak but do no damage.
The yak is severely wounded.
You hit the yak.
The yak is almost dead.
A porcupine comes into view.
The yak completely misses you.
You hit the yak.
The yak is almost dead.
You hit the yak.
You kill the yak!
Trog accepts your kill.
You swing at nothing.
You swing at nothing.
Things that are here:
a yak corpse x2
The yak gores you but does no damage.
You barely miss the yak. The yak misses you.
You hit the yak.
The yak is lightly wounded.
You swing at nothing.
You swing at nothing.
You swing at nothing.
You swing at nothing.
You swing at nothing.
You hit the yak. Lightning courses through the yak!
The yak is heavily wounded.
You barely miss the yak.
The yak is heavily wounded.
The yak completely misses you.
You barely miss the yak.
The yak is heavily wounded.
You hit the yak.
The yak is severely wounded.
The yak gores you!
* * * LOW HITPOINT WARNING * * *
You hit the yak.
The yak is severely wounded.
You hit the yak. Lightning courses through the yak!
You kill the yak!
Trog accepts your kill.
You see here a komodo dragon corpse.
The teleport trap disappears.
The porcupine disappears!
You start resting.
The porcupine is too close now for your liking.
You are struck by the porcupine's spines.
* * * LOW HITPOINT WARNING * * *
You hit the porcupine.
The porcupine is heavily wounded.
The porcupine closely misses you.
You barely miss the porcupine.
The porcupine is moderately wounded.
You hit the porcupine.
The porcupine is heavily wounded.
The porcupine completely misses you.
You hit the porcupine.
The porcupine is severely wounded.
You are struck by the porcupine's spines.
* * * LOW HITPOINT WARNING * * *
You hit the porcupine but do no damage.
The porcupine is severely wounded.
The porcupine bites you!
You die...

#...##+#.###.....##.
##..##.....#.....#..
#..##....#......##.
##...#....##........
#...##....''.....##.
##..##....##........
#..##....##.....###
#..#######P.....#.#
#.@########........
#..r...............
#..................
#..................
#.######.##....##+#
#..........#..(#
#.#........#...#
#.#........#.....
#†#............#..


You could see a porcupine.

Vanquished Creatures
  A two-headed ogre (D:8)
  Joseph (D:7)
  A komodo dragon (Lair:1)
  A troll (D:7)
  Prince Ribbit (D:6)
  A hippogriff (Lair:1)
  A spriggan (D:8)
  A wyvern (Lair:1)
  A wraith (D:8)
  Grum (D:8)
  15 yaks
  A basilisk (D:11)
  2 hungry ghosts (D:7)
  A porcupine (D:11)
  4 orc warriors
  An ice beast (D:8)
  3 sky beasts
  2 black bears (D:7)
  3 phantoms
  A necrophage (D:11)
  2 ogres
  3 wolves
  4 centaurs
  2 crocodiles (D:11)
  3 bullfrogs
  A wyvern zombie (D:7)
  A wyvern skeleton (D:6)
  3 howler monkeys (D:8)
  3 crimson imps (D:5)
  A jelly (D:7)
  A quasit (D:7)
  3 orc priests
  Crazy Yiuf (D:2)
  6 hounds
  A bullfrog skeleton (D:8)
  4 centaur skeletons
  An iguana (D:5)
  12 worker ants
  7 orc wizards
  A hound zombie (D:7)
  3 gnolls (D:6)
  10 adders
  An ooze (D:1)
  3 worms
  2 dart slugs
  3 leopard geckos
  20 orcs
  2 ball pythons (D:3)
  8 bats
  4 giant cockroaches
  7 goblins
  12 hobgoblins
  15 jackals
  5 kobolds
  5 quokkas
  7 frilled lizards
  A leopard gecko skeleton (D:5)
  2 quokka skeletons (D:6)
  4 rats
  A fungus (D:2)
218 creatures vanquished.

Vanquished Creatures (others)
  An orc wizard (D:8)
  4 fungi
  5 plants (D:11)
10 creatures vanquished.

Grand Total: 228 creatures vanquished

Notes
Turn   | Place    | Note
-------+----------+-------------------------------------------
     0 | D:1      | Amnesiac the Spriggan Berserker began the quest for the
                  | Orb.
     0 | D:1      | Reached XP level 1. HP: 11/11 MP: 2/2
   157 | D:1      | Reached XP level 2. HP: 16/16 MP: 3/3
   449 | D:1      | Found a shattered altar of Ashenzari.
   514 | D:1      | Reached skill level 3 in Long Blades
   761 | D:1      | Reached skill level 5 in Dodging
   776 | D:1      | Reached XP level 3. HP: 16/19 MP: 4/4
  1061 | D:2      | Reached ** piety under Trog
  1249 | D:2      | Reached XP level 4. HP: 6/23 MP: 5/5
  1809 | D:2      | Found a runed door.
  1813 | D:2      | Noticed Crazy Yiuf
  1822 | D:2      | Killed Crazy Yiuf
  1822 | D:2      | Reached skill level 4 in Long Blades
  2075 | D:3      | Reached XP level 5. HP: 23/27 MP: 6/6
  2091 | D:3      | Reached *** piety under Trog
  2816 | D:5      | Entered Level 5 of the Dungeon
  2848 | D:4      | Noticed an ogre
  2880 | D:4      | Killed an ogre
  2880 | D:4      | Reached XP level 6. HP: 6/32 MP: 7/7
  3493 | D:5      | Reached skill level 5 in Long Blades
  3695 | D:6      | HP: 1/32 [poisoned by a worker ant]
  3868 | D:6      | Reached XP level 7. HP: 27/35 MP: 8/8
  3885 | D:6      | Found Ixopyh's Magic Scroll Shoppe.
  3922 | D:6      | Found a staircase to the Ecumenical Temple.
  3966 | D:6      | Reached skill level 6 in Long Blades
  4315 | D:6      | Noticed Prince Ribbit
  4465 | D:6      | Killed Prince Ribbit
  4544 | D:6      | Reached skill level 7 in Long Blades
  4574 | D:6      | Reached XP level 8. HP: 39/39 MP: 9/9
  5071 | D:5      | Reached skill level 1 in Evocations
  5249 | D:5      | Reached **** piety under Trog
  5249 | D:5      | Reached skill level 8 in Long Blades
  5585 | D:7      | Noticed Joseph
  5687 | D:7      | Killed Joseph
  5687 | D:7      | Reached skill level 1 in Shields
  5687 | D:7      | Reached skill level 5 in Evocations
  5687 | D:7      | Reached XP level 9. HP: 21/43 MP: 13/13
  5698 | D:7      | Reached skill level 9 in Long Blades
  5909 | D:7      | Noticed a troll
  6069 | D:7      | Killed a troll
  6492 | D:8      | Noticed a two-headed ogre
  6924 | D:7      | Reached skill level 10 in Long Blades
  7174 | D:8      | Reached XP level 10. HP: 24/47 MP: 14/14
  7205 | D:8      | Noticed Grum
  7220 | D:8      | Killed Grum
  7458 | D:8      | Killed a two-headed ogre
  8034 | D:8      | Reached skill level 11 in Long Blades
  8397 | D:9      | Reached ***** piety under Trog
  8418 | D:10     | Entered Level 10 of the Dungeon
  8676 | D:11     | Found a staircase to the Lair.
  8756 | D:11     | Reached skill level 5 in Shields
  8878 | Lair:1   | Entered Level 1 of the Lair of Beasts
  9006 | Lair:1   | Reached XP level 11. HP: 21/51 MP: 15/15
  9315 | Lair:1   | Reached skill level 12 in Long Blades
  9444 | Lair:1   | Mangled by a porcupine

Vault maps used:
D:1:      ncdulo_halloftheorcs, nicolae_ashenzari_panopticon
D:2:      uniq_crazy_yiuf_cottage
D:3:      first_ration, chequers_mini_garden, kennysheep_minor_cross,
          minivault_4, minmay_goblin_outpost
D:5:      st_stairs_3, kennysheep_generic_room_12
D:6:      minmay_temple_entry_from_below_b, serial_shops, shop,
          uniq_prince_ribbit1
D:7:      uniq_joseph
D:8:      grunt_pizzeria, minmay_between, uniq_grum
D:9:      xom_shifter_show, fedhas_altar_2
D:10:     orc_david_3
D:11:     minmay_lair_entry_grove, minmay_hollow_rounded_squares
Lair:1:   serial_bayou_pond_a

Skill      XL: |  1  2  3  4  5  6  7  8  9 10 11 |
---------------+----------------------------------+-----
Long Blades    | 3 4 5 7 8 10 11 12 | 12.1
Dodging        | 5 6 7 8 9 |  9.0
Evocations     | 5 |  5.0
Shields        | 1 3 5 |  5.6
Fighting       | |  2.4

Action                   |  1- 3 |  4- 6 |  7- 9 | 10-12 || total
-------------------------+-------+-------+-------+-------++-------
Melee: Falchion          |   112 |   260 |    81 |       ||   453
       Dagger            |       |       |   352 |   374 ||   726
 Fire: Hunting sling     |       |    34 |    52 |       ||    86
Invok: Berserk           |       |     1 |     6 |     4 ||    11
Evoke: Wand              |       |       |     2 |       ||     2
  Use: Potion            |       |     2 |     1 |     1 ||     4
 Stab: Sleeping          |     1 |     1 |     1 |       ||     3
       Paralysed         |       |       |     2 |       ||     2
  Eat: Ration            |       |     5 |     4 |     2 ||    11
Armor: Animal skin       |     9 |    31 |    42 |     8 ||    90
Dodge: Dodged            |   160 |   229 |   367 |   167 ||   923
Block: Buckler           |       |       |    61 |    48 ||   109
       Rpst.: Falchion   |    51 |    71 |    24 |       ||   146

Table legend:
 A = Non-vault XP
 B = Vault XP
 C = Vault XP percentage of total XP
 D = Non-vault monster count
 E = Vault monster count
 F = Vault count percentage of total count
                 A         B        C        D         E       F
            +---------+---------+-------+---------+---------+-------
      Total |   10125 |    3017 |  23.0 |     188 |      30 |  13.8
            +---------+---------+-------+---------+---------+-------
        D:1 |      43 |       0 |   0.0 |      22 |       0 |   0.0
        D:2 |      92 |      41 |  30.8 |      31 |       1 |   3.1
        D:3 |      48 |      16 |  25.0 |      12 |       8 |  40.0
        D:4 |     197 |       0 |   0.0 |       4 |       0 |   0.0
        D:5 |     527 |      50 |   8.7 |      17 |       4 |  19.0
        D:6 |     741 |     264 |  26.3 |      20 |       1 |   4.8
        D:7 |    2208 |     735 |  25.0 |      31 |       4 |  11.4
        D:8 |    2434 |     574 |  19.1 |      28 |       4 |  12.5
        D:9 |     175 |       0 |   0.0 |       5 |       0 |   0.0
       D:11 |     589 |    1337 |  69.4 |       4 |       8 |  66.7
     Lair:1 |    3071 |       0 |   0.0 |      14 |       0 |   0.0
            +---------+---------+-------+---------+---------+-------
